 Dungeon Crawl Stone Soup version 0.24.0-1-gfbc8707 (webtiles) character file.

Game seed: 18135108594470228027, levelgen mode: deterministic

272 DrKleor the Changer (level 6, -1/44 HPs)
             Began as a Gnoll Wanderer on Oct 28, 2019.
             Slain by an orc priest
             ... wielding a +0 flail
              (3 damage)
             ... on level 4 of the Dungeon.
             The game lasted 00:06:10 (4367 turns).

DrKleor the Changer (Gnoll Wanderer)                Turns: 4367, Time: 00:06:11

Health: -1/44      AC:  4    Str: 14    XL:     6   Next: 23%
Magic:  13/13      EV: 12    Int: 15    God:
Gold:   246        SH:  0    Dex: 16    Spells: 15/15 levels left

rFire    x . .     SeeInvis .   a - +2 mace
rCold    + . .     Gourm    .   (no shield)
rNeg     . . .     Faith    .   w - +0 leather armour
rPois    .         Spirit   .   (no helmet)
rElec    .         Reflect  .   (no cloak)
rCorr    .         Harm     .   n - +0 pair of gloves
MR       .....                  (no boots)
Stlth    +.........             (no amulet)
HPRegen  0.14/turn              s - ring of attention (curse)
MPRegen  0.13/turn              e - ring of ice

@: no status effects
A: distributed training, fangs 1, strong nose
a: no special abilities


You were on level 4 of the Dungeon.
You were near starving.

You visited 1 branch of the dungeon, and saw 4 of its levels.

You collected 246 gold pieces.

Inventory:

Hand Weapons
 a - a +2 mace (weapon)
Missiles
 D - 5 atropa-tipped darts (quivered)
 E - 6 poisoned darts
Armour
 d - a +0 robe
 n - a +0 pair of gloves (worn)
 w - a +0 leather armour (worn)
Jewellery
 e - a ring of ice (right hand)
 o - an uncursed ring of positive energy
 s - a cursed ring of attention (left hand)
 A - an uncursed ring of protection from magic {unknown}
Scrolls
 g - 2 scrolls of remove curse {unknown}
 h - a scroll of amnesia {unknown}
 i - 2 scrolls of immolation {unknown}
 k - a scroll of noise {unknown}
 l - 3 scrolls of identify {unknown}
 m - 4 scrolls of teleportation {unknown}
 q - 5 scrolls of blinking {unknown}
 t - a scroll of enchant armour {unknown}
 u - a scroll of magic mapping {unknown}
 x - a scroll of enchant weapon {unknown}
 y - a scroll of fear {unknown}
Potions
 b - a potion of lignification
 c - 3 potions of curing
 j - a potion of heal wounds {unknown}
 p - a potion of agility
 r - a potion of mutation {unknown}
 v - a potion of haste {unknown}
 z - a potion of degeneration {unknown}
 B - 2 potions of invisibility {unknown}
 C - a potion of ambrosia {unknown}
Comestibles
 f - 6 rations


   Skills:
 + Level 1.8 Fighting
 + Level 1.8 Short Blades
 + Level 1.8 Long Blades
 + Level 1.8 Axes
 + Level 3.1 Maces & Flails
 + Level 1.8 Polearms
 + Level 1.8 Staves
 + Level 1.8 Slings
 + Level 1.8 Bows
 + Level 1.8 Crossbows
 + Level 3.1 Throwing
 + Level 4.9 Armour
 + Level 1.8 Dodging
 + Level 1.8 Stealth
 + Level 1.8 Shields
 + Level 1.8 Unarmed Combat
 + Level 5.3 Spellcasting
 + Level 1.4 Conjurations
 + Level 1.4 Hexes
 + Level 1.4 Charms
 + Level 1.4 Summonings
 + Level 1.4 Necromancy
 + Level 1.4 Translocations
 + Level 5.6 Transmutations
 + Level 1.4 Fire Magic
 + Level 1.4 Ice Magic
 + Level 1.4 Air Magic
 + Level 1.4 Earth Magic
 + Level 1.4 Poison Magic
 + Level 2.0 Invocations
 + Level 3.1 Evocations


You had 15 spell levels left.
You didn't know any spells.
Your spell library contained the following spells:

 Spells                   Type           Power        Failure   Level  Hunger
 Magic Dart               Conj           #...         11%         1    None
 Blink                    Tloc           N/A          16%         2    #......
 Call Imp                 Summ           #.......     16%         2    #......
 Slow                     Hex            #.......     16%         2    #......
 Conjure Flame            Conj/Fire      #.......     32%         3    ###....
 Mephitic Cloud           Conj/Pois/Air  #.......     32%         3    ###....


Dungeon Overview and Level Annotations

Branches:
Dungeon (4/15)
 Temple: D:4-7

Altars:
Dithmenos
Gozag
Ru
Vehumet


Innate Abilities, Weirdness & Mutations

Your experience applies equally to all skills.
You have very sharp teeth.
Your uncanny sense of smell can sniff out nearby items.


Message History

The orc closely misses you. The orc priest closely misses you.
You barely miss the orc priest.
You bite the orc priest, but do no damage.
The orc priest is lightly wounded.
The orc barely misses you. The orc priest closely misses you. The orc hits you.
* * * LOW HITPOINT WARNING * * *
You closely miss the orc priest.
The orc priest is lightly wounded.
The orc hits you but does no damage.
The orc priest invokes the aid of Beogh against you.
Beogh smites you!
* * * LOW HITPOINT WARNING * * *
You hit the orc priest but do no damage.
The orc priest is lightly wounded.
The orc closely misses you. The orc priest barely misses you.
You hit the orc priest.
The orc priest is moderately wounded.
The orc closely misses you.
The orc priest hits you with a +0 flail.
You die...

####...########## ##.##
#.. #.# #.. ##'## #.#
##...## #.. ##.....##
#.. . ##.......## ##.#
....####o........####...
...>soo@.........'......
....####.........####...
. ##.......## ##.#
##..)..## ###
##...####### ##.........
#..####### ####..# ###.#
#.....###......


You could see a scorpion, an orc priest and 2 orcs.

Vanquished Creatures
  An ice beast (D:3)
  Natasha (thrice) (D:3)
  An adder (D:2)
  A gnoll (D:1)
  2 oozes
  3 dart slugs
  3 leopard geckos
  An orc (D:4)
  4 bats
  5 giant cockroaches
  5 goblins
  5 hobgoblins
  7 jackals
  12 kobolds
  2 ball pythons
  17 rats
72 creatures vanquished.

Notes
Turn   | Place    | Note
-------+----------+-------------------------------------------
     0 | D:1      | DrKleor the Gnoll Wanderer began the quest for the Orb.
     0 | D:1      | DrKleor set off with the following items: a +2 mace, a
                  | potion of lignification, a potion of curing, a +0 robe, a
                  | ration
     0 | D:1      | Reached XP level 1. HP: 13/13 MP: 6/6
   153 | D:1      | Reached XP level 2. HP: 14/19 MP: 7/7
   754 | D:1      | Reached skill level 5 in Spellcasting
   754 | D:1      | Reached XP level 3. HP: 8/25 MP: 7/9
  1288 | D:1      | Reached skill level 1 in Invocations
  1770 | D:2      | Reached skill level 1 in Fighting
  1770 | D:2      | Reached skill level 1 in Short Blades
  1770 | D:2      | Reached skill level 1 in Long Blades
  1770 | D:2      | Reached skill level 1 in Axes
  1770 | D:2      | Reached skill level 1 in Polearms
  1770 | D:2      | Reached skill level 1 in Staves
  1770 | D:2      | Reached skill level 1 in Slings
  1770 | D:2      | Reached skill level 1 in Bows
  1770 | D:2      | Reached skill level 1 in Crossbows
  1770 | D:2      | Reached skill level 1 in Dodging
  1770 | D:2      | Reached skill level 1 in Stealth
  1770 | D:2      | Reached skill level 1 in Shields
  1770 | D:2      | Reached skill level 1 in Unarmed Combat
  1905 | D:2      | Reached XP level 4. HP: 31/32 MP: 11/11
  2077 | D:2      | Found a sacrificial altar of Ru.
  2080 | D:2      | Found a shadowy altar of Dithmenos.
  2083 | D:2      | Found an opulent altar of Gozag.
  2086 | D:2      | Found a radiant altar of Vehumet.
  2684 | D:3      | Noticed an ice beast
  2703 | D:3      | Killed an ice beast
  2703 | D:3      | Reached skill level 1 in Conjurations
  2703 | D:3      | Reached skill level 1 in Hexes
  2703 | D:3      | Reached skill level 1 in Charms
  2703 | D:3      | Reached skill level 1 in Summonings
  2703 | D:3      | Reached skill level 1 in Necromancy
  2703 | D:3      | Reached skill level 1 in Translocations
  2703 | D:3      | Reached skill level 1 in Fire Magic
  2703 | D:3      | Reached skill level 1 in Ice Magic
  2703 | D:3      | Reached skill level 1 in Air Magic
  2703 | D:3      | Reached skill level 1 in Earth Magic
  2703 | D:3      | Reached skill level 1 in Poison Magic
  2703 | D:3      | Reached XP level 5. HP: 7/37 MP: 12/12
  3155 | D:3      | Found a faded altar of an unknown god.
  3251 | D:3      | Noticed Natasha
  3265 | D:3      | Killed Natasha
  3764 | D:3      | Noticed Natasha
  3775 | D:3      | HP: 1/38 [Natasha (7)]
  3776 | D:3      | Killed Natasha
  3776 | D:3      | Reached XP level 6. HP: 1/44 MP: 13/13
  4238 | D:3      | Noticed Natasha
  4246 | D:3      | Killed Natasha
  4365 | D:4      | HP: 1/44 [orc priest/divine providence (11)]
  4367 | D:4      | Slain by an orc priest

Levels and vault maps discovered:
D:1:      zelgadis_glass_arrival_small, layout_basic, minmay_rat_gold_closets
D:2:      layout_rooms, grunt_temple_overflow_cloverleaf, first_ration
D:3:      layout_basic, chequers_ecumenical_altar_lobes, uniq_natasha
D:4:      layout_loops_corners, ebering_ghost_gozag

Skill      XL: |  1  2  3  4  5 |
---------------+----------------+-----
Spellcasting   | 5 |  5.3
Invocations    | 1 2 |  2.0
Fighting       | 1 |  1.8
Short Blades   | 1 |  1.8
Long Blades    | 1 |  1.8
Axes           | 1 |  1.8
Polearms       | 1 |  1.8
Staves         | 1 |  1.8
Slings         | 1 |  1.8
Bows           | 1 |  1.8
Crossbows      | 1 |  1.8
Dodging        | 1 |  1.8
Stealth        | 1 |  1.8
Shields        | 1 |  1.8
Unarmed Combat | 1 |  1.8
Maces & Flails | 3 |  3.1
Throwing       | 3 |  3.1
Conjurations   | 1 |  1.4
Hexes          | 1 |  1.4
Charms         | 1 |  1.4
Summonings     | 1 |  1.4
Necromancy     | 1 |  1.4
Translocations | 1 |  1.4
Fire Magic     | 1 |  1.4
Ice Magic      | 1 |  1.4
Air Magic      | 1 |  1.4
Earth Magic    | 1 |  1.4
Poison Magic   | 1 |  1.4
Evocations     | 3 |  3.1
Armour         | |  4.9
Transmutations | |  5.6

Action                   |  1- 3 |  4- 6 || total
-------------------------+-------+-------++-------
Melee: Mace              |    87 |   144 ||   231
       Bite              |     5 |    17 ||    22
 Stab: Sleeping          |     4 |       ||     4
  Eat: Chunk             |     3 |     6 ||     9
Armor: Robe              |    11 |    19 ||    30
       Leather armour    |       |    22 ||    22
Dodge: Dodged            |    47 |   106 ||   153
